 Dungeon Crawl Stone Soup version 0.26-a0-52-gd53d4cd (webtiles) character file.

Game seed: 12708222829293010884

219 Faca the Skirmisher (level 5, -3/48 HPs)
             Began as a Draconian Fighter on June 5, 2020.
             Slain by Pikel
             ... wielding a +2 whip of freezing
              (8 damage)
             ... on level 6 of the Dungeon.
             The game lasted 00:04:04 (2281 turns).

Faca the Skirmisher (Draconian Fighter)             Turns: 2281, Time: 00:04:04

Health: -3/48      AC: 12    Str: 19    XL:     5   Next: 64%
Magic:  5/5        EV: 10    Int:  8    God:
Gold:   85         SH:  9    Dex: 11    Spells: 4/4 levels left

rFire    . . .     SeeInvis .   i - +3 mace (protect)
rCold    + . .     Gourm    .   b - +0 kite shield
rNeg     . . .     Faith    .   (armour unavailable)
rPois    .         Spirit   .   (helmet restricted)
rElec    .         Reflect  .   (no cloak)
rCorr    .         Harm     .   (no gloves)
MR       .....                  (no boots)
Stlth    +.........             (no amulet)
HPRegen  0.16/turn              h - ring of protection from cold
MPRegen  0.09/turn              (no ring)

@: protection aura
A: unfitting armour, cold-blooded, AC +5
a: no special abilities


You were on level 6 of the Dungeon.
You were hungry.

You visited 1 branch of the dungeon, and saw 4 of its levels.

You collected 85 gold pieces.

Inventory:

Hand Weapons
 i - a +3 mace of protection (weapon)
Armour
 b - a +0 kite shield (worn)
Jewellery
 h - a ring of protection from cold (left hand)
Scrolls
 e - 3 scrolls of remove curse
 g - a scroll of random uselessness {unknown}
Potions
 m - a potion of ambrosia
Comestibles
 d - 4 rations


   Skills:
 + Level 5.5 Fighting
 + Level 4.4 Maces & Flails
 - Level 2.6 Dodging
 - Level 3.0 Shields


You had 4 spell levels left.
You didn't know any spells.
Your spell library was empty.

Dungeon Overview and Level Annotations

Branches:
Dungeon (3/15)

Altars:
Qazlal

Annotations:
D:6 Pikel


Innate Abilities, Weirdness & Mutations

Your plain brown scales are hard. (AC +5)
You cannot fit into any form of body armour.
You are cold-blooded and may be slowed by cold attacks.


Message History

You hit Pikel.
Pikel is heavily wounded.
The slave barely misses you.
Pikel hits you with a +2 whip of freezing!
Pikel freezes you. The slave hits you.
* * * LOW HITPOINT WARNING * * *
Your shield prevents you from hitting Pikel.
Your tail-slap misses Pikel.
Pikel is heavily wounded.
You block Pikel's attack. The slave hits you but does no damage.
You closely miss Pikel. You tail-slap Pikel, but do no damage.
Pikel is heavily wounded.
You block Pikel's attack. The slave hits you!
* * * LOW HITPOINT WARNING * * *
You block Pikel's attack.
You hit Pikel.
Pikel is heavily wounded.
You block the slave's attack.
Pikel hits you with a +2 whip of freezing!
You die...

#######
##############.....###
#........#...#.....'..
#...K@...'...#.....#.)
####p##'###.##.....#.#
###.##.###.#....###.#
...........'....'....
...........#....#....
.###...##+##....#....
.. #...#.......######
#. #...#.......#
#...#.......#


You could see Pikel and a slave.

Vanquished Creatures
  3 slaves (D:6)
  A crimson imp (D:6)
  An orc priest (D:6)
  2 orc wizards (D:6)
  2 adders
  A shadow imp (D:6)
  2 oozes (D:3)
  3 worms
  3 dart slugs
  2 leopard geckos
  2 orcs (D:6)
  A giant cockroach (D:1)
  3 goblins (D:2)
  4 hobgoblins
  12 jackals
  A quokka (D:2)
  A ball python (D:2)
  5 bats
  2 frilled lizards
  A jackal zombie (D:6)
  2 kobolds (D:1)
  4 rats
58 creatures vanquished.

Notes
Turn   | Place    | Note
-------+----------+-------------------------------------------
     0 | D:1      | Faca the Draconian Fighter began the quest for the Orb.
     0 | D:1      | Reached XP level 1. HP: 19/19 MP: 1/1
   190 | D:1      | Reached XP level 2. HP: 18/26 MP: 2/2
   636 | D:2      | Reached skill level 4 in Fighting
   763 | D:2      | Reached XP level 3. HP: 23/33 MP: 3/3
  1127 | D:2      | Found a stormy altar of Qazlal.
  1587 | D:3      | Reached XP level 4. HP: 41/41 MP: 4/4
  1642 | D:3      | Found a faded altar of an unknown god.
  1725 | D:3      | You fall into a shaft and drop 3 floors!
  1751 | D:6      | Reached skill level 5 in Fighting
  1751 | D:6      | Reached XP level 5. HP: 4/48 MP: 5/5
  2033 | D:6      | Noticed a slave
  2034 | D:6      | Noticed a slave
  2054 | D:6      | Killed a slave
  2073 | D:6      | Killed a slave
  2163 | D:6      | Noticed a slave
  2174 | D:6      | Killed a slave
  2270 | D:6      | Noticed Pikel
  2273 | D:6      | Noticed a slave
  2281 | D:6      | Slain by Pikel

Illustrated notes

Levels and vault maps discovered:
D:1:      roderic_crop_circles_arrival_small, layout_rooms
D:2:      layout_basic, grunt_qazlal_sundering
D:3:      layout_basic, first_ration, chequers_ecumenical_altar_simple_redux,
          cheibrodos_gnoll_hut, uniq_sigmund
D:6:      layout_gridville, overflow_temple_1_default,
          minmay_temple_entry_overgrown, basic_altar,
          nicolae_ossuary_entry_giza, uniq_pikel

Skill      XL: |  1  2  3  4 |
---------------+-------------+-----
Fighting       | 4 5 |  5.5
Maces & Flails | 3 4 |  4.4
Dodging        | |  2.6
Shields        | |  3.0

Action                   |  1- 3 |  4- 6 || total
-------------------------+-------+-------++-------
Melee: Flail             |   106 |       ||   106
       Tailslap          |     9 |     9 ||    18
       Mace              |    16 |    78 ||    94
  Use: Scroll            |     8 |     1 ||     9
       Potion            |       |     3 ||     3
 Stab: Invisible         |       |     2 ||     2
       Distracted        |       |     1 ||     1
  Eat: Chunk             |     2 |     2 ||     4
Armor: Skin              |    45 |    25 ||    70
Dodge: Dodged            |    51 |    25 ||    76
Block: Kite shield       |    61 |    28 ||    89

Table legend:
 A = Non-vault XP
 B = Vault XP
 C = Vault XP percentage of total XP
 D = Non-vault monster count
 E = Vault monster count
 F = Vault count percentage of total count
                 A         B        C        D         E       F
            +---------+---------+-------+---------+---------+-------
      Total |     314 |       0 |   0.0 |      55 |       0 |   0.0
            +---------+---------+-------+---------+---------+-------
        D:1 |      30 |       0 |   0.0 |      15 |       0 |   0.0
        D:2 |      57 |       0 |   0.0 |      22 |       0 |   0.0
        D:3 |      43 |       0 |   0.0 |      10 |       0 |   0.0
        D:6 |     184 |       0 |   0.0 |       8 |       0 |   0.0
            +---------+---------+-------+---------+---------+-------
